 Dungeon Crawl Stone Soup version 0.30-a0-297-g0ec75d9ef4 (webtiles) character file.

Game seed: 3123960848714112763

12 lunkers the Covered (level 2, -1/23 HPs)
             Began as a Meteoran Wanderer on Oct 19, 2022.
             Slain by an adder (3 damage)
             ... on level 2 of the Dungeon.
             The game lasted 00:00:55 (552 turns).

lunkers the Covered (Meteoran Wanderer)              Turns: 552, Time: 00:00:55

Health: -1/23      AC:  5    Str: 12    XL:     2   Next: 64%
Magic:  1/5        EV: 10    Int: 13    God:
Gold:   25         SH:  0    Dex: 14    Spells: 2/3 levels left

rFire   . . .      SeeInvis .    a - +0 dagger
rCold   . . .      Faith    .    (no shield)
rNeg    . . .      Spirit   .    h - +0 ring mail
rPois   .          Reflect  .    (no helmet)
rElec   .          Harm     .    (no cloak)
rCorr   .          Rampage  .    (no gloves)
Will    .....                    (no boots)
Stlth   +.........               (no amulet)
HPRegen 0.23/turn                (no ring)
MPRegen 0.09/turn                (no ring)

@: lethally poisoned (-1 -> -3), very slightly contaminated, glowing
A: sense surroundings 1, otherworldly, glowing, explore regen
a: no special abilities


You were on level 2 of the Dungeon.
You visited 1 branch of the dungeon, and saw 2 of its levels.

You collected 25 gold pieces.

Inventory:

Hand Weapons
 a - a +0 dagger (weapon)
Missiles
 b - 2 atropa-tipped darts
 c - 2 datura-tipped darts
Armour
 d - a +0 scale mail
 h - a +0 ring mail (worn)
Magical Staves
 f - a staff of air
Scrolls
 e - a scroll of fog
 i - a scroll of enchant armour {unknown}
Potions
 g - a potion of magic {unknown}


   Skills:
 - Level 1.1 Fighting
 + Level 2.1 Short Blades
 - Level 3.6 Armour
 - Level 2.1 Stealth
 - Level 1.3 Spellcasting
 - Level 2.4 Poison Magic


You had 2 spell levels left.
You knew the following spells:

 Your Spells              Type           Power      Damage    Failure   Level
p - Sting                 Tmut/Pois      16%        1d3       34%         1

Your spell library contained the following spells:

 Spells                   Type           Power      Damage    Failure   Level
 Mephitic Cloud           Conj/Pois/Air  2%         N/A       77%         3


Dungeon Overview and Level Annotations

Branches:
Dungeon (2/15) Zot: 652

Altars:


Innate Abilities, Weirdness & Mutations

You passively map a small area around you.
You are easily found by Zot.
You glow in the dark.
You regain HP and MP as you explore.


Message History

* * * LOW HITPOINT WARNING * * *
You are more poisoned.
The adder poisons you!
Unknown command.
Casting: Sting (safe; 34% risk of failure)
Confirm with . or Enter, or press ? or * to list all spells.
Aiming: Sting (safe; 34% risk of failure)
Press: ? - help, Shift-Dir - straight line, f - adder
Aim: an adder (moderately wounded, 43% to hit)
You miscast Sting.
You are very lightly contaminated with residual magic.
Nothing appears to happen.
You feel sick. The adder bites you but does no damage.
Casting: Sting (safe; 34% risk of failure)
Confirm with . or Enter, or press ? or * to list all spells.
Aiming: Sting (safe; 34% risk of failure)
Press: ? - help, Shift-Dir - straight line, f/p - adder
Aim: an adder (moderately wounded, 43% to hit)
The sting misses the adder.
You feel sick. The adder bites you.
* * * LOW HITPOINT WARNING * * *
The adder bites you but does no damage.
Unknown command.
Casting: Sting (safe; 34% risk of failure)
Confirm with . or Enter, or press ? or * to list all spells.
Aiming: Sting (safe; 34% risk of failure)
Press: ? - help, Shift-Dir - straight line, f/p - adder
Aim: an adder (moderately wounded, 43% to hit)
The sting misses the adder.
* * * LOW HITPOINT WARNING * * *
You feel sick. The adder closely misses you.
Unknown command.
Casting: Sting (safe; 34% risk of failure)
Confirm with . or Enter, or press ? or * to list all spells.
Aiming: Sting (safe; 34% risk of failure)
Press: ? - help, Shift-Dir - straight line, f/p - adder
Aim: an adder (moderately wounded, 43% to hit)
The sting misses the adder.
* * * LOW HITPOINT WARNING * * *
You feel sick. The adder bites you.
You die...

, , *
#..# , *
* , #..#,
, *
##+#..# ,
, , *
#.....#*
*#.....#
, *,....#
.#
#)S##...#
,
#.@....#
##.#####
* ... , *
* * ...##
* *
..>..,*
*, *, ,
..#.##, *
* , .#.#.
* #?. #.
* ,


You could see an adder.

Vanquished Creatures
  An endoplasm (D:1)
  A goblin (D:1)
  4 quokkas (D:1)
  2 bats (D:1)
  2 kobolds
  A rat (D:1)
11 creatures vanquished.

Notes
Turn   | Place    | Note
-------+----------+-------------------------------------------
     0 | D:1      | lunkers the Meteoran Wanderer began the quest for the Orb.
     0 | D:1      | lunkers set off with the following items: a +0 dagger, 2
                  | atropa-tipped darts, 2 datura-tipped darts, a +0 scale
                  | mail, a scroll of fog; and the following spell memorised:
                  | Sting; and the following spells available to memorise:
                  | Mephitic Cloud.
     0 | D:1      | Reached XP level 1. HP: 16/16 MP: 3/3
   150 | D:1      | Reached skill level 1 in Short Blades
   175 | D:1      | Reached XP level 2. HP: 20/23 MP: 5/5
   502 | D:1      | Glimpsed the power of Zot.
   552 | D:2      | Slain by an adder

Illustrated notes

Levels and vault maps discovered:
D:1:      dpeg_arrival_round_c, layout_basic
D:2:      layout_basic, hex_large

Skill      XL: |  1  2 |
---------------+-------+-----
Short Blades   | 1 2 |  2.1
Fighting       | |  1.1
Armour         | |  3.6
Stealth        | |  2.1
Spellcasting   | |  1.3
Poison Magic   | |  2.4

Action                   || total
-------------------------++-------
Melee: Dagger            ||    65
 Cast: Sting             ||     5
Armor: Scale mail        ||    21
       Ring mail         ||    15
Dodge: Dodged            ||    37

Table legend: (Time is in decaauts)
 A = Elapsed time spent in this place.
 B = Non-inter-level travel time spent in this place.
 C = Inter-level travel time spent in this place.
 D = Time resting spent in this place.
 E = Time spent auto-exploring this place.
 F = Levels seen in this place.
 G = Mean time per level.
                   A        B        C        D        E       F      G
               +--------+--------+--------+--------+--------+-----+--------+
         Total |    546 |    436 |    110 |      0 |    300 |   2 |  273.0 |
       Dungeon |    546 |    436 |    110 |      0 |    300 |   2 |  273.0 |
               +--------+--------+--------+--------+--------+-----+--------+

Top non-repeatable levels by time:
     D:1: 523 daAuts
     D:2: 23 daAuts
